| TOP OF THE 1ST |
|
San Francisco Giants batting - Pitching for Cincinnati Reds : LHP Jeff Baker
|
|
Pitching: LHP Jeff Baker
|
|
|
Batting: RHB Jason May
|
0-0: Called Strike 0-1: Ball 1-1: Swinging Strike 1-2: Ground out 1-3 (Groundball, 13, EV 68.8 MPH)
|
|
Batting: RHB Nick Rigden
|
0-0: Swinging Strike 0-1: Ground out 6-3 (Groundball, 6, EV 86.2 MPH)
|
|
Batting: RHB Sean Zielinski
|
0-0: Fly out, F8 (Flyball, 8LM, EV 90.0 MPH)
|
| Top of the 1st over - 0 runs, 0 hits, 0 errors, 0 left on base; San Francisco 0 - Cincinnati 0 |
| BOTTOM OF THE 1ST |
|
Cincinnati Reds batting - Pitching for San Francisco Giants : RHP Keith Kidd
|
|
Pitching: RHP Keith Kidd
|
|
|
Batting: LHB Sean Geisler
|
0-0: Called Strike 0-1: Called Strike 0-2: Fly out, F8 (Flyball, 8LM, EV 90.0 MPH)
|
|
Batting: LHB Jesus Lozano
|
0-0: Ball 1-0: Foul Ball, location: 2F 1-1: Swinging Strike 1-2: Strikes out swinging
|
|
Batting: LHB Jake Bill
|
0-0: Ball 1-0: Fly out, F5 (Line Drive, 5, EV 75.0 MPH)
|
| Bottom of the 1st over - 0 runs, 0 hits, 0 errors, 0 left on base; San Francisco 0 - Cincinnati 0 |
| TOP OF THE 2ND |
|
San Francisco Giants batting - Pitching for Cincinnati Reds : LHP Jeff Baker
|
|
Batting: LHB Jack Henningar
|
0-0: Foul Ball, location: 2F 0-1: SOLO HOME RUN (Flyball, 9LD, EV 95.6 MPH), Distance : 358 ft
|
|
Batting: SHB Ryan Doss
|
0-0: Ball 1-0: Foul Ball, location: 2F 1-1: DOUBLE (Groundball, 5L, EV 103.1 MPH)
|
|
Batting: RHB Xavier Castellanos
|
0-0: Called Strike 0-1: Ball 1-1: Swinging Strike 1-2: Ground out 4-3 (Groundball, 4, EV 99.4 MPH) Ryan Doss to third
|
|
Batting: LHB Willis Robles
|
0-0: Called Strike 0-1: Swinging Strike 0-2: Ball 1-2: Strikes out looking
|
|
Batting: RHB Tom Beckman
|
0-0: Ball 1-0: Fly out, F7 (Flyball, 78S, EV 95.0 MPH)
|
| Top of the 2nd over - 1 run, 2 hits, 0 errors, 1 left on base; San Francisco 1 - Cincinnati 0 |
| BOTTOM OF THE 2ND |
|
Cincinnati Reds batting - Pitching for San Francisco Giants : RHP Keith Kidd
|
|
Batting: RHB Willie Cardamone
|
0-0: Foul Ball, location: 2F 0-1: Ball 1-1: Ground out 5-3 (Groundball, 56, EV 88.8 MPH)
|
|
Batting: SHB Saulo Maina
|
0-0: Ball 1-0: Ball 2-0: Ball 3-0: Called Strike 3-1: Base on Balls
|
|
Batting: LHB Andy Arbuckle
|
0-0: Called Strike 0-1: Foul Ball, location: 2F 0-2: Strikes out swinging
|
|
Batting: SHB Dave Barefoot
|
0-0: Called Strike 0-1: Called Strike 0-2: Ball 1-2: Foul Ball, location: 2F 1-2: Ball 2-2: Foul Ball, location: 2F 2-2: Strikes out swinging
|
| Bottom of the 2nd over - 0 runs, 0 hits, 0 errors, 1 left on base; San Francisco 1 - Cincinnati 0 |
| TOP OF THE 3RD |
|
San Francisco Giants batting - Pitching for Cincinnati Reds : LHP Jeff Baker
|
|
Batting: SHB Bill Dooms
|
0-0: Foul Ball, location: 2F 0-1: Called Strike 0-2: Ball 1-2: Strikes out swinging
|
|
Batting: RHB Jason May
|
0-0: Ball 1-0: Foul Ball, location: 2F 1-1: Ball 2-1: Ground out U3 (Groundball, 3, EV 98.1 MPH)
|
|
Batting: RHB Nick Rigden
|
0-0: Ball 1-0: Fly out, F6 (Line Drive, 6, EV 65.6 MPH)
|
| Top of the 3rd over - 0 runs, 0 hits, 0 errors, 0 left on base; San Francisco 1 - Cincinnati 0 |
| BOTTOM OF THE 3RD |
|
Cincinnati Reds batting - Pitching for San Francisco Giants : RHP Keith Kidd
|
|
Batting: RHB Fred Slade
|
0-0: Ball 1-0: Ball 2-0: Ball 3-0: Base on Balls
|
|
Batting: LHB Satoru Handa
|
0-0: Ball 1-0: Fly out, F6 (Line Drive, 6, EV 71.2 MPH)
|
|
Batting: LHB Sean Geisler
|
0-0: Ball 1-0: Ball 2-0: Ball 3-0: Base on Balls Fred Slade to second
|
|
Batting: LHB Jesus Lozano
|
0-0: Swinging Strike 0-1: Swinging Strike 0-2: Ball 1-2: Ball 2-2: Foul Ball, location: 2F 2-2: SINGLE (Groundball, 56D, EV 106.9 MPH) Fred Slade to third Sean Geisler to second Runner from 3rd tries for Home, SAFE, throw by LF to home
|
|
Batting: LHB Jake Bill
|
0-0: Called Strike Sean Geisler is caught stealing 3rd base 2-5 0-1: Ball 1-1: Swinging Strike 1-2: Ball 2-2: Ball 3-2: Base on Balls Jesus Lozano to second
|
|
Batting: RHB Willie Cardamone
|
0-0: Swinging Strike 0-1: Ball 1-1: 3-RUN HOME RUN (Flyball, 78XD, EV 113.8 MPH), Distance : 410 ft
|
|
Batting: SHB Saulo Maina
|
0-0: Ball 1-0: Ground out 6-3 (Groundball, 6, EV 80.0 MPH)
|
| Bottom of the 3rd over - 4 runs, 2 hits, 0 errors, 0 left on base; San Francisco 1 - Cincinnati 4 |
| TOP OF THE 4TH |
|
San Francisco Giants batting - Pitching for Cincinnati Reds : LHP Jeff Baker
|
|
Batting: RHB Sean Zielinski
|
0-0: Called Strike 0-1: Swinging Strike 0-2: Strikes out swinging
|
|
Batting: LHB Jack Henningar
|
0-0: Foul Ball, location: 2F 0-1: Called Strike 0-2: Ground out U3 (Groundball, 3, EV 101.2 MPH)
|
|
Batting: SHB Ryan Doss
|
0-0: Called Strike 0-1: Swinging Strike 0-2: Ball 1-2: Strikes out looking
|
| Top of the 4th over - 0 runs, 0 hits, 0 errors, 0 left on base; San Francisco 1 - Cincinnati 4 |
| BOTTOM OF THE 4TH |
|
Cincinnati Reds batting - Pitching for San Francisco Giants : RHP Keith Kidd
|
|
Batting: LHB Andy Arbuckle
|
0-0: Called Strike 0-1: Fly out, F9 (Flyball, 89S, EV 91.2 MPH)
|
|
Batting: SHB Dave Barefoot
|
0-0: Called Strike 0-1: Ball 1-1: Ball 2-1: Ball 3-1: Swinging Strike 3-2: Strikes out looking
|
|
Batting: RHB Fred Slade
|
0-0: Swinging Strike 0-1: Called Strike 0-2: SINGLE (Line Drive, 4D, EV 97.5 MPH)
|
|
Batting: LHB Satoru Handa
|
0-0: Called Strike 0-1: Swinging Strike 0-2: Strikes out looking
|
| Bottom of the 4th over - 0 runs, 1 hit, 0 errors, 1 left on base; San Francisco 1 - Cincinnati 4 |
| TOP OF THE 5TH |
|
San Francisco Giants batting - Pitching for Cincinnati Reds : LHP Jeff Baker
|
|
Batting: RHB Xavier Castellanos
|
0-0: Called Strike 0-1: Ball 1-1: Foul Ball, location: 2F 1-2: Fly out, F7 (Flyball, 78M, EV 90.0 MPH)
|
|
Batting: LHB Willis Robles
|
0-0: Ball 1-0: Called Strike 1-1: Ball 2-1: Foul Ball, location: 2F 2-2: Strikes out swinging
|
|
Batting: RHB Tom Beckman
|
0-0: Called Strike 0-1: Ball 1-1: Fly out, F7 (Flyball, 7, EV 90.6 MPH)
|
| Top of the 5th over - 0 runs, 0 hits, 0 errors, 0 left on base; San Francisco 1 - Cincinnati 4 |
| BOTTOM OF THE 5TH |
|
Cincinnati Reds batting - Pitching for San Francisco Giants : RHP Keith Kidd
|
|
Batting: LHB Sean Geisler
|
0-0: Called Strike 0-1: Foul Ball, location: 2F 0-2: SINGLE (Flyball, 4D, EV 97.5 MPH)
|
|
Batting: LHB Jesus Lozano
|
0-0: Bunted foul 0-1: Ball 1-1: Ball 2-1: Bunted foul 2-2: Foul Ball, location: 2F 2-2: Foul Ball, location: 2F 2-2: Ball 3-2: Fielders Choice at 2nd, 3-6 (Groundball, 3S, EV 84.4 MPH)
|
|
Batting: LHB Jake Bill
|
0-0: Ball 1-0: Called Strike 1-1: Ball 2-1: Called Strike 2-2: Foul Ball, location: 2F 2-2: Ball 3-2: Base on Balls Jesus Lozano to second
|
|
Batting: RHB Willie Cardamone
|
0-0: Ball 1-0: 3-RUN HOME RUN (Flyball, 7D, EV 99.4 MPH), Distance : 392 ft
|
|
Pitching: LHP Tyler Stancil
|
|
|
Batting: SHB Saulo Maina
|
0-0: Ball 1-0: Ball 2-0: Ball 3-0: SINGLE (Groundball, 56D, EV 101.9 MPH)
|
|
Batting: LHB Andy Arbuckle
|
0-0: Ball 1-0: Foul Ball, location: 2F 1-1: Swinging Strike 1-2: SINGLE (Line Drive, 3D, EV 111.9 MPH) Saulo Maina to second
|
|
Batting: SHB Dave Barefoot
|
0-0: Called Strike 0-1: Fly out, F3 (Popup, 23F, EV 84.4 MPH)
|
|
Batting: RHB Fred Slade
|
0-0: Ball 1-0: Called Strike 1-1: SINGLE (Line Drive, 4D, EV 98.1 MPH) Saulo Maina to third Andy Arbuckle to second
|
|
Batting: LHB Satoru Handa
|
0-0: Fly out, F5 (Line Drive, 5, EV 74.4 MPH)
|
| Bottom of the 5th over - 3 runs, 5 hits, 0 errors, 3 left on base; San Francisco 1 - Cincinnati 7 |
| TOP OF THE 6TH |
|
San Francisco Giants batting - Pitching for Cincinnati Reds : LHP Jeff Baker
|
|
Batting: SHB Bill Dooms
|
0-0: Called Strike 0-1: Fly out, F6 (Line Drive, 6, EV 69.4 MPH)
|
|
Batting: RHB Jason May
|
0-0: Foul Ball, location: 2F 0-1: Foul Ball, location: 2F 0-2: Ball 1-2: Ball 2-2: Foul Ball, location: 2F 2-2: Ground out 1-3 (Groundball, 34S, EV 62.5 MPH)
|
|
Batting: RHB Nick Rigden
|
0-0: Ball 1-0: Foul Ball, location: 2F 1-1: Ball 2-1: Fly out, F3 (Popup, 3S, EV 76.2 MPH)
|
| Top of the 6th over - 0 runs, 0 hits, 0 errors, 0 left on base; San Francisco 1 - Cincinnati 7 |
| BOTTOM OF THE 6TH |
|
Cincinnati Reds batting - Pitching for San Francisco Giants : LHP Tyler Stancil
|
|
Batting: LHB Sean Geisler
|
0-0: Foul Ball, location: 2F 0-1: Fly out, F7 (Flyball, 7S, EV 89.4 MPH)
|
|
Batting: LHB Jesus Lozano
|
0-0: Called Strike 0-1: Swinging Strike 0-2: Foul Ball, location: 2F 0-2: Ball 1-2: Fly out, F8 (Flyball, 8RD, EV 78.8 MPH)
|
|
Batting: LHB Jake Bill
|
0-0: Ground out 5-3 (Groundball, 25, EV 78.8 MPH)
|
| Bottom of the 6th over - 0 runs, 0 hits, 0 errors, 0 left on base; San Francisco 1 - Cincinnati 7 |
| TOP OF THE 7TH |
|
San Francisco Giants batting - Pitching for Cincinnati Reds : LHP Jeff Baker
|
|
Batting: RHB Sean Zielinski
|
0-0: Ground out 6-3 (Groundball, 6, EV 103.8 MPH)
|
|
Batting: LHB Jack Henningar
|
0-0: Ball 1-0: Ball 2-0: Ball 3-0: Base on Balls
|
|
Batting: SHB Ryan Doss
|
0-0: Foul Ball, location: 2F 0-1: Ball 1-1: Ball 2-1: Ball 3-1: Foul Ball, location: 2F 3-2: SINGLE (Groundball, 34, EV 97.5 MPH) Jack Henningar to second Jack Henningar to third
|
|
Batting: RHB Xavier Castellanos
|
0-0: Ball 1-0: Called Strike 1-1: Swinging Strike 1-2: Grounds into double play, 6-4-3 (Groundball, 6M, EV 105.6 MPH)
|
| Top of the 7th over - 0 runs, 1 hit, 0 errors, 1 left on base; San Francisco 1 - Cincinnati 7 |
| BOTTOM OF THE 7TH |
|
Cincinnati Reds batting - Pitching for San Francisco Giants : LHP Tyler Stancil
|
|
Pitching: RHP Ben Sheets
|
|
|
Batting: RHB Willie Cardamone
|
0-0: Called Strike 0-1: Ball 1-1: Foul Ball, location: 2F 1-2: Strikes out swinging
|
|
Pitching: RHP Johnny Munoz
|
|
|
Batting: SHB Saulo Maina
|
0-0: Ball 1-0: Ball 2-0: Fly out, F8 (Flyball, 8RM, EV 89.4 MPH)
|
|
Batting: LHB Andy Arbuckle
|
0-0: Ball 1-0: Foul Ball, location: 2F 1-1: Ball 2-1: Foul Ball, location: 2F 2-2: SOLO HOME RUN (Flyball, 9D, EV 98.8 MPH), Distance : 391 ft
|
|
Batting: SHB Dave Barefoot
|
0-0: Called Strike 0-1: Ground out U3 (Groundball, 3, EV 90.0 MPH)
|
| Bottom of the 7th over - 1 run, 1 hit, 0 errors, 0 left on base; San Francisco 1 - Cincinnati 8 |
| TOP OF THE 8TH |
|
San Francisco Giants batting - Pitching for Cincinnati Reds : LHP Jeff Baker
|
|
Batting: LHB Willis Robles
|
0-0: Foul Ball, location: 2F 0-1: Ball 1-1: Foul Ball, location: 2F 1-2: Foul Ball, location: 2F 1-2: Foul Ball, location: 2F 1-2: Ball 2-2: Reached on error, E4 (Groundball, 34D, EV 100.0 MPH)
|
|
Batting: RHB Tom Beckman
|
0-0: Foul Ball, location: 2F 0-1: Ball 1-1: Foul Ball, location: 2F 1-2: Ball 2-2: Strikes out looking
|
|
Batting: SHB Bill Dooms
|
0-0: Called Strike 0-1: Ball 1-1: Ball 2-1: Swinging Strike 2-2: Foul Ball, location: 2F 2-2: Ball 3-2: Foul Ball, location: 2F 3-2: Strikes out looking Willis Robles steals 2nd base (no throw) Batter strikes out.
|
|
Batting: RHB Jason May
|
0-0: Called Strike 0-1: Ball 1-1: Ball 2-1: Foul Ball, location: 2F 2-2: Ball 3-2: Foul Ball, location: 2F 3-2: Foul Ball, location: 2F 3-2: Base on Balls
|
|
Pitching: RHP Westin Silveira
|
|
|
Batting: RHB Nick Rigden
|
0-0: Called Strike 0-1: Ball 1-1: Fielders Choice at 2nd, 6-4 (Groundball, 6, EV 86.9 MPH)
|
| Top of the 8th over - 0 runs, 0 hits, 1 error, 2 left on base; San Francisco 1 - Cincinnati 8 |
| BOTTOM OF THE 8TH |
|
Cincinnati Reds batting - Pitching for San Francisco Giants : RHP Johnny Munoz
|
|
Batting: RHB Fred Slade
|
0-0: Called Strike 0-1: Foul Ball, location: 2F 0-2: Strikes out swinging
|
|
Batting: LHB Satoru Handa
|
0-0: Ball 1-0: Ball 2-0: Foul Ball, location: 2F 2-1: Ground out 4-3 (Groundball, 4, EV 101.9 MPH)
|
|
Batting: LHB Sean Geisler
|
0-0: Foul Ball, location: 2F 0-1: Fly out, F3 (Line Drive, 3, EV 65.0 MPH)
|
| Bottom of the 8th over - 0 runs, 0 hits, 0 errors, 0 left on base; San Francisco 1 - Cincinnati 8 |
| TOP OF THE 9TH |
|
San Francisco Giants batting - Pitching for Cincinnati Reds : RHP Westin Silveira
|
|
Batting: RHB Sean Zielinski
|
0-0: Called Strike 0-1: Ball 1-1: Ball 2-1: Ball 3-1: Foul Ball, location: 2F 3-2: Foul Ball, location: 2F 3-2: SINGLE (Line Drive, 6D, EV 103.8 MPH)
|
|
Batting: LHB Jack Henningar
|
0-0: Ball 1-0: Ball 2-0: Called Strike 2-1: Ball 3-1: Base on Balls Sean Zielinski to second
|
|
Batting: SHB Ryan Doss
|
0-0: Called Strike 0-1: Fly out, F8 (Flyball, 89M, EV 86.2 MPH)
|
|
Batting: RHB Xavier Castellanos
|
0-0: Ball 1-0: Called Strike 1-1: Swinging Strike 1-2: Foul Ball, location: 2F 1-2: Ball 2-2: Ball 3-2: SINGLE (Groundball, 56S, EV 71.9 MPH) (infield hit) Sean Zielinski to third Jack Henningar to second
|
|
Batting: LHB Willis Robles
|
0-0: Ball 1-0: Ball 2-0: Ball 3-0: Called Strike 3-1: Foul Ball, location: 2F 3-2: Strikes out looking
|
|
Batting: RHB Tom Beckman
|
0-0: Ball 1-0: Foul Ball, location: 2F 1-1: Foul Ball, location: 2F 1-2: Ball 2-2: Fly out, F8 (Flyball, 8LS, EV 92.5 MPH)
|
| Top of the 9th over - 0 runs, 2 hits, 0 errors, 3 left on base; San Francisco 1 - Cincinnati 8 |
|